 Dungeon Crawl Stone Soup version 0.32-a0-916-g093061d (webtiles) character file.

Game seed: 8609265621375684118

664907 Loakagen the Minotaur Barricade (level 27, -38/245 HPs)
             Began as a Minotaur Fighter on Apr 8, 2024.
             Was a High Priest of Okawaru.
             Killed from afar by an orb of fire (40 damage)
             ... with a bolt of fire
             ... on level 5 of the Realm of Zot on Apr 9, 2024.
             The game lasted 05:21:28 (60358 turns).

Loakagen the Minotaur Barricade (Minotaur Fighter) Turns: 60358, Time: 05:21:29

Health: -38/245    AC: 39    Str: 29    XL:     27
Magic:  29/32      EV: 13    Int: 15    God:    Okawaru [*****.]
Gold:   2583       SH: 32    Dex:  9    Spells: 26/26 levels left

rFire   + . .        a - +16 consecrated labrys {holy, Valiant ^Fragile Fly SInv}
rCold   + + .        Z - +4 tower shield {rC+}
rNeg    . . .        u - +10 chain mail "Wodgh" {rF- Will++ Int+4}
rPois   +            L - +2 hood of the Assassin {Detect Stab+ Stlth++}
rElec   .            U - +0 cloak "Zaeh" {rPois rCorr Slay+2}
rCorr   +            K - +2 pair of gloves {Stlth+}
SInv    +            y - +1 pair of boots of Necobeg {rPois Will+ Regen+}
Will    +++++        J - amulet of reflection
Stlth   ++++++       p - ring "Onekany" {+Blink rF+ rC+}
HPRegen 1.40/turn    G - ring "Ravus" {rPois rF+ Int+4 Dex-3}
MPRegen 0.23/turn

%: reflection
@: finesse-ful, flying, studying 2 skills
A: horns 2, retaliatory headbutt, hooves 1, clumsy 1, frail 1, screaming 1,
inability to drink after injury 1, noise suppression
}: 4/15 runes: barnacled, silver, abyssal, gossamer
a: Renounce Religion, Evoke Blink, Heroism, Finesse, Duel


You were on level 5 of the Realm of Zot.
You worshipped Okawaru.
Okawaru was extremely pleased with you.
You visited 10 branches of the dungeon, and saw 48 of its levels.
You visited the Abyss 2 times.
You also visited: Sewer, Gauntlet and Ice Cave.

You collected 6797 gold pieces.
You spent 4214 gold pieces at shops.

Inventory:

Hand Weapons
 a - the +16 consecrated labrys (weapon) {holy, Valiant ^Fragile Fly SInv}
   (Okawaru gifted it to you on level 12 of the Dungeon)

   Valiant:   It becomes more powerful as more dangerous foes come into view.
   SInv:      It lets you see invisible.
   Fly:       It grants you flight.
   ^Fragile:  It will be destroyed if unequipped.
Missiles
 b - 35 poisoned darts
 v - 17 curare-tipped darts
 C - 3 throwing nets
 N - 10 silver javelins
 S - 39 javelins (quivered)
Armour
 h - +0 gold dragon scales
 n - the +0 cloak "Zeazxegu" {rC++ SInv}
   (You found it on level 2 of the Depths)

   rC++:      It greatly protects you from cold.
   SInv:      It lets you see invisible.
 u - the +10 chain mail "Wodgh" (worn) {rF- Will++ Int+4}
   (You found it on level 4 of the Dungeon)

   Int+4:     It affects your intelligence (+4).
   rF-:       It makes you vulnerable to fire.
   Will++:    It greatly increases your willpower.
 y - the +1 pair of boots of Necobeg (worn) {rPois Will+ Regen+}
   (Okawaru gifted it to you on level 12 of the Dungeon)

   rPois:     It protects you from poison.
   Will+:     It increases your willpower.
   Regen+:    It increases your rate of health regeneration.
 K - a +2 pair of gloves of stealth (worn)
 L - the +2 hood of the Assassin (worn) {Detect Stab+ Stlth++}
   (You found it on level 5 of the Vaults)

   Detect:    It allows the wearer to sense nearby creatures.
   Stab+:     It allows the wearer to make particularly effective stabbing
   attacks against helpless or unaware enemies with any weapon.
   Stlth++:   It makes you much more stealthy.
 U - the +0 cloak "Zaeh" (worn) {rPois rCorr Slay+2}
   (You found it on level 3 of the Realm of Zot)

   Slay+2:    It affects your accuracy & damage with ranged weapons and melee
   (+2).
   rPois:     It protects you from poison.
   rCorr:     It protects you from acid and corrosion.
 Z - a +4 tower shield of cold resistance (worn)
Jewellery
 p - the ring "Onekany" (left hand) {+Blink rF+ rC+}
   (You found it on level 3 of the Elven Halls)

   [ring of protection from fire]

   rF+:       It protects you from fire.
   rC+:       It protects you from cold.
   +Blink:    It lets you blink.
 z - the ring "Loblek" {rCorr Str+5 Dex+4}
   (You found it on level 3 of the Elven Halls)

   [ring of resist corrosion]

   Str+5:     It affects your strength (+5).
   Dex+4:     It affects your dexterity (+4).
   rCorr:     It protects you from acid and corrosion.
 D - the ring "Diastrie" {rC+ rN+ Str+4}
   (You found it on level 4 of the Shoals)

   [ring of positive energy]

   Str+4:     It affects your strength (+4).
   rC+:       It protects you from cold.
   rN+:       It protects you from negative energy.
 G - the ring "Ravus" (right hand) {rPois rF+ Int+4 Dex-3}
   (You found it in a Gauntlet)

   [ring of protection from fire]

   Int+4:     It affects your intelligence (+4).
   Dex-3:     It affects your dexterity (-3).
   rF+:       It protects you from fire.
   rPois:     It protects you from poison.
 H - the ring of Loalic {^Drain rPois Str+6 Slay+3}
   (You took it off a draconian scorcher on level 3 of the Realm of Zot)

   [ring of strength]

   Str+6:     It affects your strength (+6).
   Slay+3:    It affects your accuracy & damage with ranged weapons and melee
   (+3).
   rPois:     It protects you from poison.
   ^Drain:    It drains your maximum health when unequipped.
 J - an amulet of reflection (around neck)
 P - the ring "Xuq Dee" {rN+ Str+5 Int+5}
   (You found it on level 5 of the Vaults)

   [ring of positive energy]

   Str+5:     It affects your strength (+5).
   Int+5:     It affects your intelligence (+5).
   rN+:       It protects you from negative energy.
Wands
 w - a wand of digging (12)
 I - a wand of paralysis (59)
 M - a wand of mindburst (26)
 W - a wand of light (33)
 Y - a wand of polymorph (21)
Scrolls
 g - 12 scrolls of fear
 j - 22 scrolls of teleportation
 k - 3 scrolls of torment
 q - 5 scrolls of blinking
 r - 3 scrolls of poison
 s - 14 scrolls of fog
 B - 3 scrolls of vulnerability
 E - 2 scrolls of silence
 F - a scroll of enchant armour
 Q - 8 scrolls of immolation
 X - 6 scrolls of revelation
Potions
 c - 10 potions of enlightenment
 d - 7 potions of might
 f - 7 potions of berserk rage
 i - 7 potions of attraction
 l - 4 potions of brilliance
 o - 4 potions of haste
 t - a potion of mutation
 x - 5 potions of heal wounds
 A - 13 potions of curing
 O - 5 potions of invisibility
 T - 8 potions of lignification
 V - 10 potions of magic
Miscellaneous
 m - a Gell's gravitambourine (2/2)


   Skills:
 O Level 27 Fighting
 - Level 22.0 Axes
 + Level 17.1 Throwing
 O Level 27 Armour
 + Level 15.7 Dodging
 + Level 13.8 Stealth
 O Level 27 Shields
 - Level 14.0 Invocations
 + Level 9.6 Evocations


You had 26 spell levels left.
You didn't know any spells.
Your spell library contained the following spells:

 Spells                   Type           Power      Damage    Failure   Level
 Kiss of Death            Conj/Necr      0%         2d5       45%         1
 Magic Dart               Conj           0%         1d3       45%         1
 Shock                    Conj/Air       0%         1d3       45%         1
 Sting                    Conj/Alch      0%         1d3       45%         1
 Blink                    Tloc           0%         N/A       58%         2
 Ensorcelled Hibernation  Hex/Ice        0%         N/A       58%         2
 Jinxbite                 Hex            0%         N/A       58%         2
 Lesser Beckoning         Tloc           0%         N/A       58%         2
 Mercury Vapours          Alch/Air       0%         N/A       58%         2
 Momentum Strike          Conj/Tloc      0%         3d8       58%         2
 Searing Ray              Conj           0%         2d4       58%         2
 Static Discharge         Conj/Air       0%         3-3/arc   58%         2
 Sublimation of Blood     Necr           0%         N/A       58%         2
 Confusing Touch          Hex            0%         N/A       83%         3
 Dazzling Flash           Conj/Hex       0%         N/A       83%         3
 Fugue of the Fallen      Necr           0%         N/A       83%         3
 Hailstorm                Conj/Ice       0%         3d5       83%         3
 Maxwell's Portable Pile  Tloc           0%         2d(5-13)  83%         3
 Mephitic Cloud           Conj/Alch/Air  0%         N/A       83%         3
 Sigil of Binding         Hex            0%         N/A       83%         3
 Stone Arrow              Conj/Erth      0%         3d7       83%         3
 Swiftness                Air            0%         N/A       83%         3
 Volatile Blastmotes      Fire/Tloc      0%         2d10      83%         3
 Airstrike                Air            0%         2d(0-16)  99%         4
 Anguish                  Hex/Necr       0%         N/A       99%         4
 Cause Fear               Hex            0%         N/A       99%         4
 Dimensional Bullseye     Hex/Tloc       0%         N/A       99%         4
 Dispel Undead            Necr           0%         3d6       99%         4
 Fulminant Prism          Conj/Alch      0%         3d5       99%         4
 Iskenderun's Mystic Bla Conj/Tloc 0%             2d3        (+2d1     99%         4
 Leda's Liquefaction      Alch/Erth      0%         N/A       99%         4
 Olgreb's Toxic Radiance  Alch           0%         N/A       99%         4
 Passage of Golubria      Tloc           0%         N/A       99%         4
 Petrify                  Alch/Erth      0%         N/A       99%         4
 Alistair's Intoxication  Alch           0%         N/A       100%        5
 Arcjolt                  Conj/Air       0%         1d10      100%        5
 Borgnjor's Vile Clutch   Necr/Erth      0%         N/A       100%        5
 Curse of Agony           Necr           0%         N/A       100%        5
 Fireball                 Conj/Fire      0%         3d3       100%        5
 Freezing Cloud           Conj/Ice/Air   0%         6-21      100%        5
 Irradiate                Conj/Alch      0%         3d11      100%        5
 Iskenderun's Battlesphe  Conj           0%         2d6       100%        5
 Lee's Rapid Deconstruct  Erth           0%         3d4*      100%        5
 Silence                  Hex/Air        0%         N/A       100%        5
 Yara's Violent Unravell  Hex/Alch       0%         3d3       100%        5
 Bombard                  Conj/Erth      0%         9d1       100%        6
 Eringya's Noxious Bog    Alch           0%         4d6       100%        6
 Permafrost Eruption      Ice/Erth       0%         2x4d1     100%        6
 Starburst                Conj/Fire      0%         6d3       100%        6
 Enfeeble                 Hex            0%         N/A       100%        7
 Ozocubu's Refrigeration  Ice            0%         4d7       100%        7
 Lehudib's Crystal Spear  Conj/Erth      0%         10d2      100%        8
 Maxwell's Capacitive Co  Air            0%         ∞         100%        8
 Chain Lightning          Conj/Air       0%         N/A       100%        9
 Polar Vortex             Ice            0%         N/A       100%        9
 Call Imp                 Summ           Unusable   N/A       N/A         2
 Call Canine Familiar     Summ           Unusable   N/A       N/A         3
 Summon Ice Beast         Ice/Summ       Unusable   N/A       N/A         3
 Tukima's Dance           Hex            Unusable   N/A       N/A         3
 Summon Mana Viper        Hex/Summ       Unusable   N/A       N/A         5
 Sculpt Simulacrum        Ice/Alch       Unusable   N/A       N/A         6
 Spellforged Servitor     Conj/Summ      Unusable   N/A       N/A         7
 Dragon's Call            Summ           Unusable   N/A       N/A         9

Dungeon Overview and Level Annotations

Branches:
Dungeon (15/15)            Temple (1/1) D:5            Lair (5/5) D:9
 Shoals (4/4) Lair:2       Spider (4/4) Lair:2        Slime (0/5) Lair:5
    Orc (2/2) D:12            Elf (3/3) Orc:2        Vaults (5/5) D:14
  Crypt (0/3) Vaults:2     Depths (4/4) D:15            Zot (5/5) Depths:4
  Sewer (visited)           IceCv (visited)         Gauntlet (visited)

Altars:
Ashenzari
Cheibriados
Dithmenos
Elyvilon
Fedhas
Gozag
Hepliaklqana
Kikubaaqudgha
Makhleb
Nemelex Xobeh
Okawaru
Qazlal
Ru
Sif Muna
Trog
Uskayaw
Vehumet
Wu Jian
Xom
Yredelemnul
Zin
The Shining One
Beogh
Jiyva

Shops:
D:1 (   D:4 *   D:7 *   D:9 :   D:15 *   Orc:2 :?(!   Elf:2 ?   Elf:3 [
Shoals:2 **([   Shoals:3 [   Shoals:4 (   Vaults:2 !?   Vaults:4 [
Vaults:5 ?!:?   Depths:3 =::   Depths:4 [:*(

Portals:
Hell: Depths:1 Depths:2 Depths:3 Depths:4
Abyss: Depths:2 Depths:3
Pandemonium: Depths:2
Ziggurat: Depths:3

Annotations:
Shoals:2 exclusion: 2 oklob plants
Zot:5 4 transporters


Innate Abilities, Weirdness & Mutations

You have a pair of horns on your head.
You reflexively headbutt those who attack you in melee.
You have large cloven feet.
You are clumsy. (Dex -2)
You are frail. (-10% HP)
You occasionally shout uncontrollably at your foes.
You occasionally lose the ability to drink potions when taking damage.
You passively dampen the noise of your surroundings.


Message History

You hit the orb of fire. You slash the orb of fire!
The orb of fire is severely damaged.
You carve the orb of fire like a ham!!! You slice the orb of fire!!
Your headbutt misses the orb of fire.
The orb of fire is almost destroyed.
You barely miss the orb of fire.
The orb of fire emits a lurid red light.
The bolt of fire hits you!! You resist.
* * * LOW HITPOINT WARNING * * *
You completely miss the orb of fire. Your headbutt misses the orb of fire.
The orb of fire is almost destroyed.
You completely miss the orb of fire. You slash the orb of fire!
You headbutt the orb of fire, but do no damage.
The orb of fire is almost destroyed.
You slice the orb of fire!!
The orb of fire glows yellow.
The bolt of fire misses you.
You cut the orb of fire into ribbons!!!
You destroy the orb of fire!
Okawaru accepts your kill. Okawaru grants you throwing weapons!
Something appears at your feet!
You slash the orb of fire!
The orb of fire emits a lurid red light.
The bolt of fire hits you!!! You resist.
* * * LOW HITPOINT WARNING * * *
You hear a deafening roar!
Okay, then.
Okay, then.
Okay, then.
Blink to where?
Press: ? - help, Dir - move target
As you read the scroll of blinking, it crumbles to dust.
The orb of fire emits a lurid red light.
The fireball explodes!
The fireball engulfs you!! You resist.
* * * LOW HITPOINT WARNING * * *
The orb of fire emits a lurid red light.
The bolt of fire hits you!!! You resist.
You die...

##...##..###....##........#####
.##.##....###.#.#.#.#.#.#.#.#.##
⌠.###....#####............)....#
.###.)..####..#.#.#.#.#.#.#.#.##
......(####....................#
#..#.....#....#.#.#.#.#.#.#.#.###
...##........#..................#
.#..#........##.#.#.#.#.#.#.#.#.#
#####'##...#....@...............#
...##.*##.#####.#)#.#.#.#.#.#.#.#
..).##..###..#..................#
.....'...##...#[#.#.#.#.#.#.#.#.#
...{.#....#........####....##...#
.....#.[..#**.....## ##......###
....##.)).X..#..### #..#####
.*.##<)..######## #### #*##⌠...##


You could see 2 orbs of fire and an Orb Guardian.

Vanquished Creatures
  3 orbs of fire
  Mara (Arena)
  3 dread liches
  6 ancient liches
  Xtahua (Depths:4)
  Josephina (Depths:4)
  Vv (Depths:4)
  Boris (Vaults:1)
  A Killer Klown (Zot:5)
  Margery (Vaults:5)
  5 curse toes
  Nikola (Shoals:1)
  Norris (Depths:2)
  8 golden dragons
  4 bone dragons (Abyss:3)
  A profane servitor (Abyss:3)
  2 Tzitzimimeh
  the Enchantress (Depths:2)
  3 doom hounds (Depths:2)
  2 electric golems (Zot:2)
  Rupert (D:13)
  Grunn (Depths:2)
  16 tentacled monstrosities
  Jorgrun (D:14)
  3 hellephants (Abyss:3)
  The ghost of PublicAnimeNo1 the Fetichist, an adept CoGl of Yredelemnul (Elf:1)
  2 liches (Abyss:3)
  A walking earthen tome (Depths:4)
  8 Orb Guardians (Zot:5)
  4 titans
  2 deep elf blademasters (Elf:3)
  3 quicksilver dragons
  A searing wretch (Vaults:5)
  A walking divine tome (Depths:1)
  A deep elf master archer (Elf:3)
  11 death cobs
  3 sphinxes
  Gastronok (Lair:1)
  2 krakens
  13 tentacled starspawn (Abyss:3)
  Aizul (Shoals:2)
  17 shadow dragons
  16 storm dragons
  A fenstrider witch (Shoals:1)
  7 tengu reavers
  2 protean progenitors
  8 frost giants
  6 draconian monks
  Donald (Spider:1)
  6 fire giants
  6 draconian knights
  11 deep elf sorcerers (Elf:3)
  5 draconian scorchers
  2 iron dragons (Vaults:5)
  6 emperor scorpions
  A balrug (Abyss:3)
  10 ghost moths
  20 vault wardens
  5 draconian shifters
  22 ironbound preservers
  4 deep elf elementalists
  A cacodemon (Abyss:3)
  A draconian stormcaller (Zot:5)
  5 spriggan defenders
  2 orc warlords
  5 draconian annihilators
  26 very ugly things
  A vampire knight (Vaults:2)
  23 stone giants
  6 caustic shrike skeletons (Depths:2)
  4 formless jellyfish
  2 broodmothers (Spider:4)
  8 ironbound thunderhulks
  A starflower (Abyss:3)
  7 deep elf death magi
  The ghost of Lunegreq the Eclecticist, a journeyman DECj of Sif Muna (D:15)
  14 green draconians
  8 deep elf annihilators
  Azrael (Spider:1)
  5 deep elf demonologists
  2 minotaurs
  8 white draconians
  11 black draconians
  9 yellow draconians
  An eleionoma (Depths:2)
  12 red draconians
  16 dire elephants
  4 war gargoyles
  15 ettins
  5 spark wasps
  11 purple draconians
  3 lorocyprocas
  Snorg (Lair:4)
  A green death (Abyss:3)
  A blizzard demon (Abyss:3)
  3 fire dragons (Depths:3)
  An eidolon (Abyss:3)
  6 merfolk javelineers (Shoals:4)
  14 yaktaur captains
  2 crystal guardians
  8 ice dragons
  6 deep elf high priests
  The ghost of Wacih the Reanimator, a journeyman DsCj of Gozag (Lair:4)
  8 entropy weavers
  9 merfolk impalers
  The ghost of Poganam the Mimic, a journeyman DrSh of Wu Jian (Lair:1)
  6 great orbs of eyes
  A catoblepas (Lair:5)
  5 rakshasas
  32 vault guards
  4 hydras
  A juggernaut simulacrum (Depths:4)
  5 merfolk avatars
  2 jorogumos (Zot:1)
  6 spriggan air magi
  4 ogre magi
  3 peacekeepers
  11 two-headed ogres
  5 boulder beetles
  4 alligator snapping turtles
  4 satyrs
  32 dancing weapons
  12 ironbound frosthearts
  19 centaur warriors
  6 merfolk aquamancers
  A satyr (shapeshifter) (Vaults:5)
  8 tengu warriors
  A death scarab (Spider:4)
  2 vampire magi
  12 deep troll earth magi
  18 death yaks
  6 hell hogs (Abyss:3)
  15 thrashing horrors (Abyss:3)
  10 deep troll shamans
  3 orc high priests (Orc:1)
  An occultist (Depths:3)
  8 spriggan berserkers
  Sonja (D:12)
  7 demonic crawlers
  A sun demon (Abyss:3)
  17 deep elf knights
  14 wretched stars (Abyss:3)
  12 hell knights
  2 sixfirhies (Abyss:3)
  12 iron trolls
  7 skeletal warriors
  Lodul (D:10)
  13 skysharks
  A shadow wraith (Abyss:3)
  2 spatial maelstroms (Abyss:3)
  7 spriggan druids (Depths:2)
  6 pharaoh ants
  A golden dragon zombie (Depths:1)
  8 orb spiders
  3 glowing orange brains
  7 arcanists
  A spriggan rider (Depths:4)
  14 deep elf archers
  2 bog bodies (IceCv)
  11 sea snakes
  A flayed ghost (Depths:1)
  77 deep trolls
  17 ironbound convokers
  8 lindwurms
  2 sun moths (Spider:4)
  22 harpies
  8 steelbarb worms
  A sphinx simulacrum (Depths:1)
  9 orc knights
  35 ugly things
  An obsidian bat (Abyss:3)
  7 phantasmal warriors
  21 wolf spiders
  A harpy (shapeshifter) (Abyss:3)
  6 cyclopes
  22 deep elf zephyrmancers
  9 necromancers
  A stone giant zombie (Depths:1)
  26 deep elf pyromancers
  2 orc sorcerers
  2 worldbinders (Abyss:3)
  3 will-o-the-wisps (Abyss:3)
  A fire giant zombie (Depths:1)
  7 fauns
  15 manticores
  6 meliai
  37 moths of wrath
  4 kobold blastminers
  A water nymph (shapeshifter) (Elf:2)
  2 ice statues
  22 elephants
  16 vault sentinels
  A titan simulacrum (Depths:4)
  11 smoke demons (Abyss:3)
  A cane toad (shapeshifter) (Elf:3)
  10 water nymphs
  3 black mambas
  14 merfolk sirens
  A centaur zombie (Abyss:3)
  5 apocalypse crabs (Abyss:3)
  A rust devil (Abyss:3)
  10 cane toads
  5 torpor snails
  An orange demon (Abyss:3)
  The ghost of ooops the Slasher, a novice CoGl (D:5)
  A gargoyle (D:10)
  An unseen horror (D:10)
  20 large abominations
  10 komodo dragons
  An unseen horror (shapeshifter) (Elf:3)
  5 efreet
  A naga skeleton (Abyss:3)
  52 yaktaurs
  4 tengu conjurers
  6 freezing wraiths
  9 rime drakes
  9 ancient zymes (Abyss:3)
  A golden dragon simulacrum (Depths:4)
  4 trolls
  21 merfolk
  2 red devils (Abyss:3)
  7 polar bears
  A tengu simulacrum (Depths:4)
  3 hellwings (Abyss:3)
  22 hornets
  30 jumping spiders
  36 tarantellas
  5 wind drakes
  Grinder (D:6)
  A blink frog (shapeshifter) (Abyss:3)
  17 raiju
  2 dream sheep (shapeshifter)
  7 snapping turtles
  5 blink frogs
  8 dream sheep (Shoals:4)
  24 culicivoras
  40 slime creatures
  2 air elementals
  2 shadows
  24 water elementals
  5 wyverns
  A wyvern (shapeshifter) (D:14)
  43 spriggans
  A spriggan (shapeshifter) (D:13)
  Sigmund (D:6)
  6 wraiths
  Eustachio (D:6)
  3 dire elephant simulacra (IceCv)
  5 ynoxinuls
  A fire bat (Abyss:3)
  34 yaks
  9 fire elementals
  4 basilisks
  9 neqoxecs (Abyss:3)
  6 wargs
  2 steam dragons
  8 vampire mosquitoes
  A death yak simulacrum (IceCv)
  6 swamp worms (Lair:2)
  5 spatial vortices (Abyss:3)
  6 chaos spawn (Abyss:3)
  83 redbacks
  14 small abominations (Abyss:3)
  4 acid dragons
  18 water moccasins
  6 hell hounds
  2 ice beasts
  40 orc warriors
  11 laughing skulls
  A boggart (Vaults:4)
  19 ogres
  31 wolves
  27 starcursed masses (Abyss:3)
  16 centaurs
  A phantom (D:5)
  A kobold brigand (D:11)
  5 weeping skulls (Abyss:3)
  Blork the orc (D:6)
  17 bullfrogs
  5 earth elementals
  A gnoll sergeant (D:8)
  2 two-headed ogre simulacra (IceCv)
  A cane toad simulacrum (IceCv)
  3 scorpions
  5 wights (D:7)
  3 elephant simulacra (IceCv)
  13 killer bees
  3 electric eels
  8 howler monkeys
  2 bombardier beetles
  2 quasits (Abyss:3)
  2 hounds
  16 orc priests
  9 jellies
  An iron imp (Abyss:3)
  An iguana (D:5)
  2 sleepcaps
  22 orc wizards
  Natasha (thrice) (D:2)
  3 spriggan simulacra (IceCv)
  6 troll simulacra (IceCv)
  A polar bear simulacrum (IceCv)
  5 wolf simulacra (IceCv)
  7 adders
  12 gnolls
  5 naga simulacra (IceCv)
  3 river rats (D:5)
  A shadow imp (Abyss:3)
  8 white imps
  18 ufetubi
  4 ribbon worms
  4 dart slugs (Sewer)
  70 orcs
  11 ball pythons
  3 bats (D:1)
  15 endoplasms
  11 giant cockroaches
  6 goblins
  4 hobgoblins
  3 jackals (D:5)
  5 quokkas
  6 frilled lizards
  7 kobolds
  12 rats
  2 lurking horrors (Abyss:3)
  16 starspawn tentacles (Abyss:3)
  5 tentacles
2608 creatures vanquished.

Vanquished Creatures (others)
  A dire elephant (Abyss:3)
  A merfolk aquamancer (Shoals:4)
  A spatial maelstrom (Abyss:3)
  2 deep elf pyromancers
  A deep elf zephyrmancer (Elf:1)
  A manticore (Shoals:4)
  A moth of wrath (Zot:5)
  A merfolk (Shoals:4)
  A snapping turtle (Shoals:4)
  A wraith (Abyss:3)
  A chaos spawn (Abyss:3)
  An adder (Temple)
  An orc (Orc:2)
  6 foxfires (Abyss:3)
  20 starspawn tentacles (Abyss:3)
  5 tentacles
45 creatures vanquished.

Grand Total: 2653 creatures vanquished

Notes
Turn   | Place    | Note
-------+----------+-------------------------------------------
     0 | D:1      | Loakagen the Minotaur Fighter began the quest for the Orb.
     0 | D:1      | Reached XP level 1. HP: 19/19 MP: 0/0
    44 | D:1      | Reached XP level 2. HP: 9/27 MP: 1/1
   354 | D:1      | Found Hogiq's Antique Weapon Shoppe.
   431 | D:1      | Reached XP level 3. HP: 30/33 MP: 2/2
   874 | D:2      | Noticed Natasha
   878 | D:2      | Killed Natasha
   916 | D:2      | Noticed Natasha
   918 | D:2      | Reached XP level 4. HP: 40/40 MP: 3/3
   924 | D:2      | Killed Natasha
  1133 | D:2      | You fall into a shaft and drop 2 floors!
  1212 | D:4      | Found Ocad's Elemental Accessories.
  1570 | D:2      | Found a burning altar of Makhleb.
  1614 | D:2      | Noticed Natasha
  1621 | D:2      | Killed Natasha
  1622 | D:2      | Reached XP level 5. HP: 38/47 MP: 4/4
  1785 | D:2      | Found a faded altar of an unknown god.
  1883 | D:3      | Found a white marble altar of Elyvilon.
  1907 | D:3      | Found a shadowy altar of Dithmenos.
  2338 | D:4      | Identified the +10 chain mail "Wodgh" {rF- Will++ Int+4}
  2509 | D:4      | Reached skill level 5 in Shields
  2847 | D:5      | Entered Level 5 of the Dungeon
  2848 | D:5      | Found a staircase to the Ecumenical Temple.
  2854 | D:5      | Reached skill level 5 in Fighting
  2858 | D:5      | Reached skill level 5 in Armour
  2858 | D:5      | Reached XP level 6. HP: 45/56 MP: 5/5
  2872 | Temple   | Entered the Ecumenical Temple
  2975 | Temple   | Became a worshipper of Warmaster Okawaru
  3082 | D:5      | Found a runed translucent door.
  3083 | D:5      | Noticed ooops's ghost (novice CoGl)
  3131 | D:5      | Found a glowing drain.
  3138 | Sewer    | Entered a sewer
  3201 | Sewer    | Reached skill level 5 in Axes
  3322 | Sewer    | Reached XP level 7. HP: 61/62 MP: 6/6
  3482 | D:5      | Reached * piety under Okawaru
  4105 | D:5      | Killed ooops's ghost
  4106 | D:5      | Reached XP level 8. HP: 71/71 MP: 4/7
  4330 | D:6      | Noticed Eustachio
  4343 | D:6      | Killed Eustachio
  4343 | D:6      | Reached ** piety under Okawaru
  4438 | D:6      | Noticed Sigmund
  4448 | D:6      | Killed Sigmund
  4625 | D:6      | Noticed Blork the orc
  4635 | D:6      | Killed Blork the orc
  4677 | D:6      | Noticed Grinder
  4687 | D:6      | Killed Grinder
  4687 | D:6      | Reached *** piety under Okawaru
  4688 | D:6      | Reached XP level 9. HP: 74/81 MP: 8/8
  5458 | D:7      | Found Teiqem's Fire Supplies.
  5534 | D:7      | Found a stormy altar of Qazlal.
  5671 | D:7      | Reached **** piety under Okawaru
  5965 | D:7      | Bought a ring of protection from fire for 250 gold pieces
  5998 | D:8      | Identified the +7 flail "Goblinbane" {vamp, rC- rCorr
                  | Str+4}
  6076 | D:8      | Identified the +3 long sword of Riamnaost {heavy, rC+ SInv}
  6085 | D:8      | Reached XP level 10. HP: 10/91 MP: 6/9
  6090 | D:8      | HP: 4/91 [yak (4)]
  6667 | D:8      | Reached ***** piety under Okawaru
  6933 | D:9      | Reached skill level 10 in Fighting
  6933 | D:9      | Reached skill level 10 in Shields
  6936 | D:9      | Reached skill level 10 in Armour
  7219 | D:9      | Found Riycol's Book Boutique.
  7289 | D:9      | Received a gift from Okawaru
  7301 | D:9      | Reached skill level 10 in Axes
  7526 | D:9      | Noticed a manticore
  7539 | D:9      | Killed a manticore
  7587 | D:9      | Reached skill level 1 in Throwing
  7587 | D:9      | Reached skill level 1 in Invocations
  7613 | D:9      | Found a staircase to the Lair.
  7757 | D:10     | Entered Level 10 of the Dungeon
  7785 | D:10     | Noticed a two-headed ogre
  7801 | D:10     | Killed a two-headed ogre
  7909 | D:10     | Noticed a gargoyle
  7912 | D:10     | Received a gift from Okawaru
  7913 | D:10     | Reached XP level 11. HP: 101/101 MP: 11/11
  8205 | D:10     | Identified the +5 sling of Instant Death {heavy, Str+3
                  | Int+5}
  8386 | D:10     | Noticed Lodul
  8411 | D:10     | Killed Lodul
  8799 | Lair:1   | Entered Level 1 of the Lair of Beasts
  8810 | Lair:1   | Found a runed translucent door.
  8843 | Lair:1   | Received a gift from Okawaru
  9313 | Lair:1   | Noticed Poganam's ghost (journeyman DrSh)
  9324 | Lair:1   | Noticed Gastronok
  9341 | Lair:1   | Killed Gastronok
  9764 | Lair:1   | Killed Poganam's ghost
  9764 | Lair:1   | Received a gift from Okawaru
  9844 | Lair:2   | Noticed a seven-headed hydra
  9873 | Lair:1   | Killed a one-headed hydra
  9945 | Lair:2   | Noticed a seven-headed hydra
  9985 | Lair:1   | Killed a one-headed hydra
  9986 | Lair:1   | Reached XP level 12. HP: 54/110 MP: 13/13
 10209 | Lair:2   | Found a hole to the Spider Nest.
 10420 | Lair:2   | Found a staircase to the Shoals.
 10558 | Lair:2   | Found a transporter.
 10673 | Lair:2   | Found a transporter.
 11645 | Lair:2   | Received a gift from Okawaru
 12033 | Lair:3   | Identified the +8 trident "Pinow" {drain, ^Contam rPois rF+
                  | Will+}
 12061 | Lair:3   | Received a gift from Okawaru
 12066 | Lair:3   | Reached skill level 5 in Invocations
 12083 | Lair:3   | Reached XP level 13. HP: 80/118 MP: 15/15
 12095 | Lair:3   | Reached skill level 5 in Throwing
 12749 | Lair:4   | Found a frozen archway.
 12847 | IceCv    | Entered an ice cave
 13207 | IceCv    | Received a gift from Okawaru
 13783 | Lair:4   | Received a gift from Okawaru
 14378 | Lair:4   | Noticed Snorg
 14400 | Lair:4   | Killed Snorg
 14505 | Lair:4   | Found a runed translucent door.
 14505 | Lair:4   | Found a shimmering altar of Xom.
 14505 | Lair:4   | Noticed Wacih's ghost (journeyman DsCj)
 14678 | Lair:4   | Received a gift from Okawaru
 14743 | Lair:4   | Killed Wacih's ghost
 14808 | Lair:5   | Entered Level 5 of the Lair of Beasts
 15055 | Lair:5   | Found a staircase to the Slime Pits.
 15055 | Lair:5   | Found a viscous altar of Jiyva.
 15160 | Lair:5   | Received a gift from Okawaru
 15169 | Lair:5   | Reached XP level 14. HP: 84/127 MP: 17/17
 15221 | Lair:5   | Reached skill level 15 in Shields
 15506 | Lair:5   | Reached skill level 15 in Armour
 15581 | Lair:5   | Received a gift from Okawaru
 15649 | Lair:5   | Reached skill level 15 in Axes
 16945 | D:12     | Found a staircase to the Orcish Mines.
 17037 | D:12     | Noticed Sonja
 17049 | D:12     | Killed Sonja
 17457 | D:12     | Identified the +1 robe of Tuanerphedwo {Will+++ Int-3
                  | Archmagi}
 17538 | D:12     | Received a gift from Okawaru
 17540 | D:12     | Reached ****** piety under Okawaru
 17594 | D:12     | Found a sparkling altar of Nemelex Xobeh.
 17636 | D:12     | Acquired the +1 pair of boots of Necobeg {rPois Will+
                  | Regen+}
 17636 | D:12     | Received a gift from Okawaru
 17646 | D:12     | Acquired the +4 consecrated labrys {holy, Valiant ^Fragile
                  | Fly SInv}
 17646 | D:12     | Received a gift from Okawaru
 17646 | D:12     | Found the +4 consecrated labrys {holy, Valiant ^Fragile Fly
                  | SInv}
 18031 | Orc:1    | Entered Level 1 of the Orcish Mines
 18233 | Orc:2    | Entered Level 2 of the Orcish Mines
 18255 | Orc:2    | Found a staircase to the Elven Halls.
 18367 | Orc:2    | Found Yrall's Antique Weapon Shoppe.
 18367 | Orc:2    | Found Mech's Magic Scroll Shop.
 18368 | Orc:2    | Found Reonuov's Book Boutique.
 18394 | Orc:2    | Found a gate leading to a gauntlet.
 18403 | Orc:2    | Received a gift from Okawaru
 18437 | Orc:2    | Found Zomuik's Distillery.
 18520 | Gauntlet | Entered a Gauntlet
 18520 | Gauntlet | Found a transporter.
 18529 | Gauntlet | Found a transporter.
 18550 | Gauntlet | Found a transporter.
 18550 | Gauntlet | Found a transporter.
 18571 | Gauntlet | Found a transporter.
 18584 | Gauntlet | Found a transporter.
 18584 | Gauntlet | Found a runed translucent gate.
 18584 | Gauntlet | Found a runed translucent gate.
 18586 | Gauntlet | Found a runed translucent gate.
 18598 | Gauntlet | Found a transporter.
 18628 | Gauntlet | Found a transporter.
 18628 | Gauntlet | Found a transporter.
 18636 | Gauntlet | Found a transporter.
 18667 | Gauntlet | Found a transporter.
 18667 | Gauntlet | Found a transporter.
 18927 | Gauntlet | Identified the ring "Ninurch" {Wiz MP-9 Int+3 SInv}
 18935 | Gauntlet | Identified the ring "Ravus" {rPois rF+ Int+4 Dex-3}
 19499 | Orc:1    | Reached XP level 15. HP: 136/137 MP: 19/19
 19594 | Orc:1    | Found a roughly hewn altar of Beogh.
 20115 | Orc:2    | Bought a scroll of identify for 26 gold pieces
 20115 | Orc:2    | Bought a scroll of identify for 26 gold pieces
 20115 | Orc:2    | Bought a scroll of identify for 26 gold pieces
 20115 | Orc:2    | Bought a scroll of identify for 26 gold pieces
 20115 | Orc:2    | Bought a scroll of identify for 26 gold pieces
 20279 | Orc:2    | Bought a manual of Shields for 1120 gold pieces
 20279 | Orc:2    | Bought a manual of Armour for 1120 gold pieces
 20419 | D:13     | Identified the maw talisman of Fedhas's Benevolence {rC+
                  | rN+ Will-}
 20419 | D:13     | Noticed Rupert
 20435 | D:13     | Killed Rupert
 20435 | D:13     | Received a gift from Okawaru
 21071 | D:14     | Noticed Jorgrun
 21088 | D:14     | Killed Jorgrun
 21254 | D:14     | Received a gift from Okawaru
 21360 | D:14     | Found a gate to the Vaults.
 21588 | D:15     | Entered Level 15 of the Dungeon
 21599 | D:15     | Found Pugadios's Overcharged Wands.
 21677 | D:15     | Found a runed translucent gate.
 21678 | D:15     | Found a runed translucent gate.
 21679 | D:15     | Found a runed translucent gate.
 21686 | D:15     | Noticed Lunegreq's ghost (journeyman DECj)
 21746 | D:15     | Found the +10 zealot's sword {holy, Zealotry, *Rage rN+
                  | EV+3}
 21779 | D:15     | Received a gift from Okawaru
 22102 | D:15     | Found a staircase to the Depths.
 22789 | D:15     | Killed Lunegreq's ghost
 23065 | Spider:1 | Entered Level 1 of the Spider Nest
 23100 | Spider:1 | Received a gift from Okawaru
 23117 | Spider:1 | Noticed Donald
 23138 | Spider:1 | Reached XP level 16. HP: 93/147 MP: 21/21
 23141 | Spider:1 | Killed Donald
 23213 | Spider:1 | Received a gift from Okawaru
 23838 | Spider:1 | Noticed Azrael
 23847 | Spider:1 | Killed Azrael
 23922 | Spider:1 | Received a gift from Okawaru
 24584 | Spider:2 | Received a gift from Okawaru
 24588 | Spider:2 | Reached skill level 15 in Fighting
 25699 | Spider:3 | Received a gift from Okawaru
 26314 | Spider:4 | Entered Level 4 of the Spider Nest
 26436 | Spider:4 | Received a gift from Okawaru
 26437 | Spider:4 | Reached XP level 17. HP: 127/156 MP: 23/23
 26977 | Spider:4 | Identified the +6 quarterstaff of False Accusations {pain,
                  | rC- rN+ Str+2 Dex+6}
 27176 | Spider:4 | Identified the +1 robe of Compression {rElec rN+}
 27649 | Spider:4 | Received a gift from Okawaru
 27652 | Spider:4 | Reached skill level 10 in Invocations
 27870 | Spider:4 | Got a gossamer rune of Zot
 28118 | Shoals:1 | Entered Level 1 of the Shoals
 28119 | Shoals:1 | Noticed Nikola
 28132 | Shoals:1 | Killed Nikola
 28137 | Shoals:1 | Received a gift from Okawaru
 28608 | Shoals:1 | Identified the +3 quarterstaff of Profit {speed, Fly rF-
                  | rC+ Dex+3}
 28894 | Shoals:1 | Identified the ring of Laorat Xys {rN+ SInv}
 29217 | Shoals:2 | Identified the serpent talisman of the Fife {Slay+4}
 29217 | Shoals:2 | Noticed Aizul
 29241 | Shoals:2 | Killed Aizul
 29241 | Shoals:2 | Received a gift from Okawaru
 29460 | Shoals:2 | Found Diqob's Visitors' Centre.
 29460 | Shoals:2 | Found Diqob's Merfolk Weapons.
 29472 | Arena    | Entered the Arena
 29508 | Shoals:2 | Found Diqob's Merfolk Armours.
 29508 | Shoals:2 | Found Diqob's Merfolk Magic.
 29881 | Shoals:2 | Noticed a kraken
 29889 | Shoals:2 | Killed a kraken
 29890 | Shoals:2 | Reached XP level 18. HP: 166/166 MP: 24/24
 30226 | Shoals:3 | Found Kexitih's Armour Shop.
 30612 | Shoals:3 | Received a gift from Okawaru
 30990 | Shoals:4 | Entered Level 4 of the Shoals
 31078 | Arena    | Entered the Arena
 31107 | Arena    | Entered the Arena
 31167 | Arena    | Entered the Arena
 31244 | Shoals:4 | Received a gift from Okawaru
 31301 | Shoals:4 | Got a barnacled rune of Zot
 32029 | Shoals:4 | Identified the ring "Diastrie" {rC+ rN+ Str+4}
 32056 | Shoals:4 | Found Jemi's Weapon Boutique.
 32348 | Orc:2    | Bought a potion of ambrosia for 104 gold pieces
 32348 | Orc:2    | Bought a potion of haste for 130 gold pieces
 32465 | Vaults:1 | Entered Level 1 of the Vaults
 32608 | Vaults:1 | Reached skill level 10 in Throwing
 32637 | Vaults:1 | Received a gift from Okawaru
 32838 | Arena    | Entered the Arena
 32843 | Arena    | Reached XP level 19. HP: 66/177 MP: 18/26
 33266 | Vaults:1 | Reached XP level 20. HP: 178/184 MP: 27/27
 33580 | Vaults:1 | Paralysed by a formless jellyfish for 1 turns
 33650 | Vaults:1 | Identified the +3 robe of Xigajybb {Dex+3}
 33650 | Vaults:1 | Noticed Boris
 33660 | Vaults:1 | Killed Boris
 33758 | Vaults:2 | Received a gift from Okawaru
 34225 | Vaults:2 | Found Huaxki's Distillery.
 34330 | Vaults:2 | Found Siykhuaj's Magic Scroll Shoppe.
 34820 | Vaults:2 | Found a staircase to the Crypt.
 34929 | Vaults:2 | Received a gift from Okawaru
 36171 | Vaults:3 | Reached XP level 21. HP: 195/195 MP: 29/29
 36615 | Vaults:3 | Received a gift from Okawaru
 37327 | Vaults:4 | Found Wowkezil's Antique Armour Shoppe.
 37575 | Vaults:4 | Received a gift from Okawaru
 38122 | Vaults:5 | Entered Level 5 of the Vaults
 38125 | Arena    | Entered the Arena
 38147 | Vaults:5 | Identified the +2 leather armour of an ossuary {rC++ Str-2
                  | Dex+3}
 38151 | Vaults:5 | Reached skill level 1 in Dodging
 38153 | Vaults:5 | Reached skill level 1 in Stealth
 38153 | Vaults:5 | Noticed an ancient lich
 38166 | Vaults:5 | Killed an ancient lich
 38177 | Vaults:5 | Received a gift from Okawaru
 38428 | Vaults:5 | Noticed an ancient lich
 38433 | Vaults:5 | Noticed an ancient lich
 38435 | Arena    | Entered the Arena
 38440 | Arena    | Killed an ancient lich
 38441 | Arena    | Reached XP level 22. HP: 172/206 MP: 23/30
 38455 | Vaults:5 | Killed an ancient lich
 38507 | Vaults:5 | Found the +2 hood of the Assassin {Detect Stab+ Stlth++}
 38511 | Vaults:5 | Received a gift from Okawaru
 38518 | Arena    | Entered the Arena
 38599 | Vaults:5 | Noticed Margery
 38607 | Vaults:5 | Killed Margery
 38608 | Vaults:5 | Reached skill level 5 in Dodging
 38645 | Vaults:5 | Noticed a golden dragon
 38654 | Vaults:5 | Killed a golden dragon
 38707 | Vaults:5 | Noticed a dread lich
 38714 | Vaults:5 | Killed a dread lich
 38774 | Vaults:5 | Noticed a dread lich
 38792 | Vaults:5 | Killed a dread lich
 38851 | Vaults:5 | Reached skill level 5 in Stealth
 38938 | Vaults:5 | Received a gift from Okawaru
 39294 | Vaults:5 | Gained mutation: You are covered in fur. (AC +1) [a shining
                  | eye]
 39295 | Vaults:5 | Identified the +9 dagger of the Crypt {freeze, rPois rCorr
                  | MP+9 Str-4}
 39300 | Vaults:5 | Noticed a golden dragon
 39320 | Vaults:5 | Killed a golden dragon
 39436 | Vaults:5 | Found Kirche's Book Shoppe.
 39436 | Vaults:5 | Found Qot Esya's Distillery.
 39514 | Vaults:5 | Identified the staff of Compassion {rF+ rC+ Summ Ice}
 39521 | Vaults:5 | Identified the +0 chain mail of the Mackerel {rN+ Str+2}
 39532 | Vaults:5 | Identified the ring of Tender Moments {Fire rN+ Int+6}
 39538 | Vaults:5 | Identified the staff of Mac Dog {Dex+3 Conj Earth}
 39539 | Vaults:5 | Identified the +8 battleaxe of the Five Continents {freeze,
                  | rPois rC+ Str+3 Stlth-}
 39548 | Vaults:5 | Identified the ring of Xom's Capriciousness {MP+9 AC+4
                  | Stlth+}
 39581 | Vaults:5 | Identified the +1 buckler "Yrohig" {Harm Will+}
 39758 | Vaults:5 | Got the Handbook of Bombardment and Astrapomancy
 39760 | Vaults:5 | Got a silver rune of Zot
 39765 | Vaults:5 | Identified the +1 sling "Coal" {speed, rF++ Int+3 Dex-4}
 39767 | Vaults:5 | Identified the staff "Kiwnos" {Fly rElec Will+ Air Alchemy}
 39821 | Vaults:5 | Identified the ring "Xuq Dee" {rN+ Str+5 Int+5}
 39978 | Vaults:5 | Found Bomamopp's Magic Scroll Shop.
 39996 | Vaults:5 | Found Gogi's Magic Scroll Boutique.
 40173 | Vaults:5 | Identified the +2 robe of Death's Door {rCorr MP+9 Int+4
                  | Dex-3}
 40436 | Depths:1 | Entered Level 1 of the Depths
 40472 | Depths:1 | Found a huge runed translucent gate.
 40472 | Depths:1 | Found a huge runed translucent gate.
 40472 | Depths:1 | Found a huge runed translucent gate.
 40472 | Depths:1 | Found a huge runed translucent gate.
 40473 | Depths:1 | Found a huge runed translucent gate.
 40473 | Depths:1 | Found a huge runed translucent gate.
 40473 | Depths:1 | Found a huge runed translucent gate.
 40474 | Depths:1 | Found a huge runed translucent gate.
 40475 | Depths:1 | Found a huge runed translucent gate.
 40476 | Depths:1 | Found a huge runed translucent gate.
 40477 | Depths:1 | Found a huge runed translucent gate.
 40478 | Depths:1 | Found a huge runed translucent gate.
 40480 | Depths:1 | Found a huge runed translucent gate.
 40480 | Depths:1 | Found a huge runed translucent gate.
 40487 | Depths:1 | Found a huge runed translucent gate.
 40488 | Depths:1 | Found a huge runed translucent gate.
 40517 | Depths:1 | Found a huge runed translucent gate.
 40542 | Depths:1 | Found a huge runed translucent gate.
 40543 | Depths:1 | Found a huge runed translucent gate.
 40544 | Depths:1 | Found a huge runed translucent gate.
 40545 | Depths:1 | Found a huge runed translucent gate.
 40546 | Depths:1 | Found a huge runed translucent gate.
 40546 | Depths:1 | Found a huge runed translucent gate.
 40551 | Depths:1 | Found a huge runed translucent gate.
 40552 | Depths:1 | Found a huge runed translucent gate.
 40552 | Depths:1 | Found a huge runed translucent gate.
 40552 | Depths:1 | Found a huge runed translucent gate.
 40552 | Depths:1 | Found a huge runed translucent gate.
 40555 | Depths:1 | Found a huge runed translucent gate.
 40556 | Depths:1 | Found a huge runed translucent gate.
 40557 | Depths:1 | Found a huge runed translucent gate.
 40557 | Depths:1 | Found a huge runed translucent gate.
 40577 | Depths:1 | Found a huge runed translucent gate.
 40639 | Depths:1 | Found a shimmering blue altar of Sif Muna.
 40692 | Depths:1 | Received a gift from Okawaru
 40733 | Depths:1 | Reached skill level 27 in Shields
 40887 | Depths:1 | Found a huge runed translucent gate.
 40894 | Depths:1 | Found a huge runed translucent gate.
 40895 | Depths:1 | Found a huge runed translucent gate.
 41011 | Depths:1 | Reached XP level 23. HP: 217/217 MP: 31/31
 41393 | Depths:1 | Found a gateway to Hell.
 41978 | Depths:2 | Found a one-way gate leading to the halls of Pandemonium.
 42022 | Depths:2 | Received a gift from Okawaru
 42063 | Depths:2 | Identified the +6 giant club of the Enemy {heavy, rPois
                  | rF++ Str-5}
 42063 | Depths:2 | Identified the +4 giant club of Guile {holy, rElec rCorr
                  | Str-3 Dex+3}
 42093 | Depths:2 | Noticed the Enchantress
 42114 | Depths:2 | Killed the Enchantress
 42346 | Depths:2 | Identified the +0 cloak "Zeazxegu" {rC++ SInv}
 42379 | Depths:2 | Identified the +4 steam dragon scales of Boj Cumaipn
                  | {Rampage Regen+}
 42594 | Depths:2 | Noticed Norris
 42628 | Depths:2 | Killed Norris
 42938 | Depths:2 | Found a bloodstained altar of Trog.
 43104 | Depths:2 | Received a gift from Okawaru
 43442 | Depths:2 | Noticed Grunn
 43456 | Depths:2 | Killed Grunn
 43581 | Depths:2 | Found a one-way gate to the infinite horrors of the Abyss.
 43665 | Depths:2 | Reached skill level 27 in Armour
 44130 | Depths:3 | Found a one-way gateway to a ziggurat.
 44145 | Depths:3 | Received a gift from Okawaru
 44145 | Depths:3 | Noticed Mara
 44175 | Depths:3 | Noticed Loakagen's illusion
 44179 | Arena    | Entered the Arena
 44208 | Arena    | Entered the Arena
 44212 | Arena    | Killed Mara
 44213 | Arena    | Reached skill level 1 in Evocations
 44377 | Arena    | Entered the Arena
 44876 | Depths:3 | Found a glowing silver altar of Zin.
 44930 | Depths:3 | Found Muost's Jewellery Shop.
 44930 | Depths:3 | Found Hoitigah's Book Emporium.
 44931 | Depths:3 | Found Sotaump's Book Emporium.
 44995 | Depths:3 | Reached skill level 10 in Dodging
 45016 | Depths:3 | Reached XP level 24. HP: 194/229 MP: 32/32
 45776 | Depths:4 | Entered Level 4 of the Depths
 45776 | Depths:4 | Noticed Xtahua
 45805 | Depths:4 | Killed Xtahua
 45872 | Depths:4 | Found Gusy's Antique Armour Shoppe.
 45977 | Depths:4 | Received a gift from Okawaru
 46171 | Depths:4 | Noticed Vv
 46208 | Depths:4 | Killed Vv
 46650 | Depths:4 | Identified the ring "Piweurul" {Ice Int+2 SInv}
 46650 | Depths:4 | Noticed Josephina
 46655 | Depths:4 | Killed Josephina
 46657 | Depths:4 | Received a gift from Okawaru
 46844 | Depths:4 | Found Ucsomipo's Weapon Shop.
 46846 | Depths:4 | Found Bukuiwn's Assorted Antiques.
 46848 | Depths:4 | Found Oma Ixuh's Book Shop.
 46856 | Depths:4 | Bought a manual of Fighting for 1360 gold pieces
 47061 | Depths:4 | Found a gate to the Realm of Zot.
 47476 | Depths:3 | Voluntarily entered the Abyss.
 47476 | Abyss:1  | Found a corrupted altar of Lugonu.
 47590 | Abyss:3  | Found a corrupted altar of Lugonu.
 47634 | Abyss:3  | Received a gift from Okawaru
 47690 | Abyss:3  | Gained mutation: Your magical capacity is low. (-10% MP) [a
                  | neqoxec]
 48098 | Abyss:3  | Gained mutation: You have hidden genetic defects. [a
                  | neqoxec]
 48146 | Abyss:3  | Reached skill level 5 in Evocations
 48350 | Abyss:3  | Received a gift from Okawaru
 48369 | Abyss:3  | Found a corrupted altar of Lugonu.
 48382 | Abyss:3  | Found a corrupted altar of Lugonu.
 48382 | Abyss:3  | Found a corrupted altar of Lugonu.
 48487 | Abyss:3  | Gained mutation: You are extremely frail. (-30% HP) [a
                  | neqoxec]
 48507 | Abyss:3  | Paralysed by accursed screaming for 1 turns
 48577 | Abyss:3  | Found a corrupted altar of Lugonu.
 48628 | Abyss:3  | Gained mutation: You occasionally lose the ability to read
                  | scrolls when taking damage. [hidden defects]
 48639 | Abyss:3  | Reached XP level 25. HP: 220/220 MP: 22/22
 48659 | Abyss:3  | Noticed an ancient lich
 48669 | Abyss:3  | Killed an ancient lich
 48941 | Abyss:3  | Found a corrupted altar of Lugonu.
 48950 | Abyss:3  | Found a corrupted altar of Lugonu.
 48950 | Abyss:3  | Found a corrupted altar of Lugonu.
 48971 | Abyss:3  | Found a corrupted altar of Lugonu.
 48972 | Abyss:3  | Found a hide-covered altar of Uskayaw.
 48972 | Abyss:3  | Found a corrupted altar of Lugonu.
 49061 | Abyss:3  | Found a corrupted altar of Lugonu.
 49097 | Abyss:3  | Found a corrupted altar of Lugonu.
 49118 | Abyss:3  | Found a corrupted altar of Lugonu.
 49138 | Abyss:3  | Got an abyssal rune of Zot
 49152 | Abyss:3  | Gained mutation: You are very frail. (-20% HP) [hidden
                  | defects]
 49152 | Abyss:3  | Lost mutation: You have hidden genetic defects. [hidden
                  | defects expressed]
 49241 | Abyss:3  | Received a gift from Okawaru
 49415 | Abyss:3  | Found a corrupted altar of Lugonu.
 49419 | Abyss:3  | Found a corrupted altar of Lugonu.
 49539 | Abyss:3  | Found a corrupted altar of Lugonu.
 49609 | Abyss:3  | Found a corrupted altar of Lugonu.
 49732 | Depths:3 | Escaped the Abyss
 49755 | Depths:3 | Lost mutation: Your magical capacity is low. (-10% MP)
                  | [potion of mutation]
 49755 | Depths:3 | Lost mutation: You occasionally lose the ability to read
                  | scrolls when taking damage. [potion of mutation]
 49755 | Depths:3 | Gained mutation: You have sharp toenails. [potion of
                  | mutation]
 49756 | Depths:3 | Lost mutation: You have sharp toenails. [potion of
                  | mutation]
 49756 | Depths:3 | Lost mutation: You are covered in fur. (AC +1) [potion of
                  | mutation]
 49756 | Depths:3 | Gained mutation: You are partially covered in iridescent
                  | scales. (AC +2) [potion of mutation]
 49756 | Depths:3 | Gained mutation: You are clumsy. (Dex -2) [potion of
                  | mutation]
 49757 | Depths:3 | Lost mutation: You are very frail. (-20% HP) [potion of
                  | mutation]
 49757 | Depths:3 | Lost mutation: You are frail. (-10% HP) [potion of
                  | mutation]
 49757 | Depths:3 | Lost mutation: You are partially covered in iridescent
                  | scales. (AC +2) [potion of mutation]
 49757 | Depths:3 | Gained mutation: Your magical capacity is low. (-10% MP)
                  | [potion of mutation]
 49757 | Depths:3 | Lost mutation: Your magical capacity is low. (-10% MP)
                  | [potion of mutation]
 49758 | Depths:3 | Lost mutation: You are clumsy. (Dex -2) [potion of
                  | mutation]
 49758 | Depths:3 | Gained mutation: You are clumsy. (Dex -2) [potion of
                  | mutation]
 49758 | Depths:3 | Gained mutation: Your spells are a little harder to cast,
                  | but a little more powerful. [potion of mutation]
 49793 | Depths:3 | Lost mutation: Your spells are a little harder to cast, but
                  | a little more powerful. [potion of mutation]
 49793 | Depths:3 | Lost mutation: You are clumsy. (Dex -2) [potion of
                  | mutation]
 49793 | Depths:3 | Gained mutation: You are frail. (-10% HP) [potion of
                  | mutation]
 49794 | Depths:3 | Lost mutation: You are frail. (-10% HP) [potion of
                  | mutation]
 49794 | Depths:3 | Gained mutation: Your body sometimes deteriorates upon
                  | taking damage. [potion of mutation]
 49794 | Depths:3 | Gained mutation: You have hidden genetic defects. [potion
                  | of mutation]
 49794 | Depths:3 | Lost mutation: You have hidden genetic defects. [potion of
                  | mutation]
 49795 | Depths:3 | Lost mutation: Your body sometimes deteriorates upon taking
                  | damage. [potion of mutation]
 49795 | Depths:3 | Gained mutation: You possess an exceptional clarity of
                  | mind. [potion of mutation]
 49795 | Depths:3 | Gained mutation: You have an increased reservoir of magic.
                  | (+10% MP) [potion of mutation]
 49795 | Depths:3 | Gained mutation: You occasionally lose the ability to read
                  | scrolls when taking damage. [potion of mutation]
 49796 | Depths:3 | Lost mutation: You possess an exceptional clarity of mind.
                  | [potion of mutation]
 49796 | Depths:3 | Lost mutation: You have an increased reservoir of magic.
                  | (+10% MP) [potion of mutation]
 49796 | Depths:3 | Lost mutation: You occasionally lose the ability to read
                  | scrolls when taking damage. [potion of mutation]
 49796 | Depths:3 | Gained mutation: You possess an exceptional clarity of
                  | mind. [potion of mutation]
 49796 | Depths:3 | Gained mutation: You passively dampen the noise of your
                  | surroundings. [potion of mutation]
 50012 | Elf:1    | Entered Level 1 of the Elven Halls
 50205 | Elf:1    | Reached skill level 10 in Stealth
 50324 | Elf:1    | Identified the +4 rapier "Goblin's Funeral" {antimagic,
                  | Str+4 Dex+3 Stlth+}
 50491 | Elf:1    | Found a runed translucent door.
 50492 | Elf:1    | Noticed PublicAnimeNo1's ghost (adept CoGl)
 50503 | Elf:1    | Killed PublicAnimeNo1's ghost
 50947 | Elf:2    | Found Ostu's Magic Scroll Shop.
 50999 | Elf:2    | Received a gift from Okawaru
 51001 | Elf:2    | Found a huge runed translucent gate.
 51001 | Elf:2    | Found a huge runed translucent gate.
 51001 | Elf:2    | Found a huge runed translucent gate.
 51001 | Elf:2    | Found a huge runed translucent gate.
 51001 | Elf:2    | Found a huge runed translucent gate.
 51073 | Elf:2    | Found a shimmering blue altar of Sif Muna.
 51554 | Abyss:3  | Cast into level 3 of the Abyss (+5 scimitar of distortion)
 51756 | Abyss:3  | Paralysed by accursed screaming for 2 turns
 51782 | Abyss:3  | Gained mutation: You have large cloven feet. [a neqoxec]
 51821 | Abyss:3  | Found a corrupted altar of Lugonu.
 52041 | Elf:2    | Escaped the Abyss
 52179 | Elf:2    | Received a gift from Okawaru
 52434 | Elf:3    | Entered Level 3 of the Elven Halls
 52623 | Elf:3    | Found Hususeho's Antique Armour Boutique.
 52768 | Elf:3    | Reached XP level 26. HP: 246/264 MP: 32/32
 52917 | Elf:3    | Reached skill level 27 in Fighting
 52954 | Arena    | Entered the Arena
 53297 | Elf:3    | Identified the +6 scale mail of Xoepa {rPois Regen+ Str-5
                  | Stlth+}
 53300 | Elf:3    | Identified the +2 war axe of the Walnut {drain, rF- rC++
                  | Dex+4}
 53316 | Elf:3    | Identified the +5 flail "Qong" {pain, *Slow rElec rCorr
                  | Str-5}
 53331 | Elf:3    | Reached skill level 15 in Throwing
 53463 | Elf:3    | Got the Compendium of Gritty Mischance
 53466 | Elf:3    | Identified the ring "Loblek" {rCorr Str+5 Dex+4}
 53470 | Elf:3    | Identified the ring "Petaahiu" {Fire Int+5}
 53473 | Elf:3    | Identified the +0 robe of the Shore {Str+4 Dex+2}
 53477 | Elf:3    | Identified the staff of Kyqacs {Fly rN+ Necro}
 53481 | Elf:3    | Identified the staff "Mastaqe" {+Blink rPois rF+ rN+ Will-
                  | Fire}
 53492 | Elf:3    | Identified the +8 trident of the Shrinking Gods {holy,
                  | rElec rN++ MP+9 Int-5}
 53504 | Elf:3    | Got the Meditations on the Grim Impact
 53523 | Elf:3    | Identified the +2 leather armour of Ravioli {rPois}
 53531 | Elf:3    | Identified the staff of the Heavens {rCorr Str+3 Conj}
 53539 | Elf:3    | Identified the ring "Onekany" {+Blink rF+ rC+}
 54195 | Zot:1    | Entered Level 1 of the Realm of Zot
 54213 | Zot:1    | Received a gift from Okawaru
 54375 | Depths:3 | Identified the +1 scimitar of Resourcefulness {freeze, rC+
                  | Str+2}
 54502 | Zot:1    | Found an opulent altar of Gozag.
 54513 | Zot:1    | Identified the +1 scale mail of the End {+Inv}
 54755 | Zot:1    | You are sucked into a shaft and drop 1 floor!
 55605 | Zot:2    | Received a gift from Okawaru
 56176 | Zot:3    | Noticed a dread lich
 56500 | Zot:3    | Received a gift from Okawaru
 56624 | Zot:3    | Upgraded the game from 0.32-a0-913-g739538a to
                  | 0.32-a0-916-g093061d
 56883 | Zot:3    | Identified the ring of Loalic {^Drain rPois Str+6 Slay+3}
 56888 | Zot:3    | Found a transporter.
 57198 | Zot:3    | Found a transporter.
 57329 | Zot:3    | Killed a dread lich
 57372 | Zot:3    | Reached XP level 27. HP: 135/273 MP: 32/32
 57703 | Zot:3    | Identified the +0 cloak "Zaeh" {rPois rCorr Slay+2}
 57717 | Zot:3    | Identified the ring "Ohiph" {rPois Str-2 Int+3 Dex+6}
 58100 | Zot:4    | Received a gift from Okawaru
 58816 | Zot:5    | Entered Level 5 of the Realm of Zot
 58822 | Zot:5    | Found a transporter.
 59087 | Zot:5    | Reached skill level 15 in Dodging
 59205 | Zot:5    | Received a gift from Okawaru
 59517 | Zot:5    | Found a transporter.
 59551 | Zot:5    | Found a transporter.
 59554 | Zot:5    | Found a transporter.
 60038 | Zot:5    | Noticed an ancient lich
 60039 | Zot:5    | Noticed an orb of fire
 60040 | Arena    | Entered the Arena
 60040 | Arena    | Gained mutation: You are clumsy. (Dex -2) [an orb of fire]
 60043 | Arena    | Gained mutation: You occasionally shout uncontrollably at
                  | your foes. [an orb of fire]
 60049 | Arena    | Killed an orb of fire
 60061 | Zot:5    | Noticed an ancient lich
 60069 | Zot:5    | Killed an ancient lich
 60072 | Zot:5    | Noticed an orb of fire
 60079 | Zot:5    | Noticed an orb of fire
 60080 | Arena    | Entered the Arena
 60082 | Arena    | Lost mutation: You possess an exceptional clarity of mind.
                  | [an orb of fire]
 60086 | Arena    | Killed an orb of fire
 60104 | Zot:5    | Killed an ancient lich
 60108 | Zot:5    | Noticed an orb of fire
 60116 | Zot:5    | Noticed an orb of fire
 60118 | Zot:5    | Noticed an orb of fire
 60151 | Zot:5    | Gained mutation: You occasionally lose the ability to drink
                  | potions when taking damage. [an orb of fire]
 60345 | Zot:5    | Gained mutation: You are frail. (-10% HP) [an orb of fire]
 60356 | Zot:5    | Killed an orb of fire
 60356 | Zot:5    | Received a gift from Okawaru
 60358 | Zot:5    | HP: 2/245 [orb of fire/fireball (19)]
 60358 | Zot:5    | Killed from afar by an orb of fire

Illustrated notes

Levels and vault maps discovered:
D:1:      amcnicky_arrival_double_pillar, layout_loops_ring, serial_shops, shop
D:2:      layout_basic, basic_altar, basic_ecumenical_altar, uniq_natasha
D:3:      layout_rooms, mainiacjoe_overflow_catwalk_spiral,
          kennysheep_generic_room_9
D:4:      layout_gridville, chequers_big_river, minmay_misc_feat_enclosed,
          kennysheep_small_spiral, minmay_misc_feat_square,
          nicolae_elemental_shop, dreamdust_wishing_well, minmay_bisected
D:5:      layout_basic, minmay_temple_entry_glass, lightli_sewer_entry_pipes,
          gammafunk_ghost_grave, nrook_campfire
D:6:      layout_gridville, uniq_sigmund, uniq_blork_the_orc, uniq_grinder,
          uniq_eustachio
D:7:      layout_gridville, nicolae_overflow_crystal_walls,
          chequers_serial_rivers_small_a, nicolae_shop_fire_sale
          [nicolae_sub_dead_trees], feat_on_display
D:8:      layout_rooms, minmay_fountain_box, kennysheep_doodads
D:9:      layout_small_grid, lair_entry_dummy, serial_shops, shop
D:10:     layout_cave_pods, minmay_starry_boxes, uniq_lodul
D:11:     layout_loops_cross
D:12:     layout_stronghold, orc_0_dummy, minivault_15,
          nemelex_diamond_rough_becter, uniq_sonja
D:13:     layout_cave_pools, uniq_rupert
D:14:     layout_loops_ring, hangedman_vaults_entry_quadrant_bands,
          minmay_misc_feat_chi, uniq_jorgrun
D:15:     grunt_enter_depths_hoard, layout_layer_cave,
          maelrawn_ghost_gauntlet_escape, moated_statue,
          nicolae_shop_overcharged_wands
Temple:   hellmonk_temple_of_storms
Lair:1:   layout_regular_city, hellmonk_ghost_happy_afterlife,
          hangedman_lair_unloving_vines, serial_bayou_shore_a, uniq_gastronok
Lair:2:   gammafunk_worm_tunnel, layout_regular_city, elwin_shoals_entry_stream,
          hellmonk_spider_entry_life_and_decay
Lair:3:   layout_chaotic_city, nicolae_lair_grazing_beasts
          [nicolae_sub_lair_graze_edge, nicolae_sub_lair_graze_edge,
          nicolae_sub_lair_graze_edge, nicolae_sub_lair_graze_edge],
          infiniplex_staircase_pool_2, serial_bayou_shore_b
Lair:4:   layout_cave_pods, ebering_ghost_xom, portal_ice_cave_entry_pillars_2,
          minivault_23, uniq_snorg
Lair:5:   grunt_lair_end_beastmaster, layout_gridlike,
          nicolae_slime_entry_field_trip, nicolae_quartered_pool_medium,
          minmay_lair_drake_nest, grunt_megastairs_2, lemuel_fruit_fields
Shoals:1: layout_shoals, nicolae_shoals_beach_house_on_fowls_legs, uniq_nikola
Shoals:2: nicolae_shoals_mermall, layout_shoals, nicolae_shoals_this_corrosion,
          uniq_aizul
Shoals:3: layout_shoals, serial_shops, shop
Shoals:4: shoals_end_simple, layout_shoals, serial_shops, shop
Spider:1: layout_chambers, uniq_donald, uniq_azrael
Spider:2: layout_spider_delve
Spider:3: layout_spider_delve, beargit_elvish_explorers
Spider:4: spider_rune_water, hellmonk_motheaten_closet
Orc:1:    layout_caves, minmay_orc_temple_c
Orc:2:    st_orc_rangers, layout_caves, gauntlet_entry_generic,
          nicolae_orc_flooded_monolith
Elf:1:    layout_geoelf_octagon, ebering_ghost_inner_flame,
          minmay_elf_demonology, lemuel_upstairs_altar
Elf:2:    elven_hall_of_blades_hangedman_alternative [nicolae_blade_bullseye],
          layout_loops_corners, basic_altar, serial_shops, shop, minivault_19
Elf:3:    minmay_elf_hall_four_x, layout_geoelf_grid, serial_shops, shop
Vaults:1: nicolae_vaults_bisected_inception, v_misc_24, hangedman_vaults_snaps,
          hangedman_vaults_slice, vaults_room_ringed_pool,
          nicolae_vaults_tetromino_T_2, grunt_vaults_trifunnel,
          hangedman_vaults_hat, nicolae_vaults_frosty_reception,
          vaults_room_boxed, st_spiral_rooms, vaults_room_door_ring,
          layout_vaults_maze, uniq_boris
Vaults:2: minmay_crypt_entry_simple_box, v_alt_pattern_4,
          ontoclasm_vaults_pinch, v_alt_pattern_5, vaults_room_mumra_shop_pool,
          v_misc_26, nicolae_vaults_border_crossing,
          nicolae_vaults_double_plus_1, layout_vaults_quadrants, serial_shops,
          nicolae_shop_tiny_waterfront
Vaults:3: nicolae_vaults_shelves_hall, grunt_vaults_funnel, v_rooms_2,
          ontoclasm_vaults_chip, v_misc_28, v_misc_25,
          nicolae_vaults_double_plus_3, serial_library_hellmonk_semicircle,
          nicolae_vaults_storage_closets_3,
          vaults_standard_mumra_enter_the_diamond,
          hangedman_vaults_stretched_pinwheel, layout_vaults_omnibox
Vaults:4: v_misc_3, nicolae_vaults_trapezoid_layered,
          nicolae_vaults_little_squares_4, nicolae_vaults_tangram_1,
          nicolae_vaults_storage_closets_2, nicolae_vaults_three_branches,
          nicolae_vaults_closet_pinwheel_3,
          nicolae_vaults_doubleplus_tesselated, layout_vaults_big_room,
          serial_shops, nicolae_shop_just_a_little_nook
Vaults:5: uniq_margery
Depths:1: layout_gridlike, pf_coc_iceberg, nicolae_sif_muna_condensation,
          door_vault, roderic_lattice_octagonal_star
Depths:2: spriggan_forest, abyss_entry, pan_entry, hell_entry, uniq_norris,
          uniq_grunn
Depths:3: cheibrodos_tormentor_scu, layout_cave_pools, enter_ziggurat_d,
          grunt_metal_band, hangedman_abyss_entry_splay, hangedman_glass_teeth,
          grunt_ministairs_8, zin_treasury, minmay_shop_grove, uniq_mara
Depths:4: grunt_crosshair, layout_gridlike, serial_shops,
          nicolae_shop_advertising_works [nicolae_subvault_shop_adworks],
          pf_hell_entry_tar_spiral, minmay_crystal_room, minmay_shop_star,
          uniq_vv, uniq_xtahua, uniq_josephina
Zot:1:    layout_onion_interference, hangedman_zot_decor_scrapings,
          regret_index_zotdec_zees, regret_index_zotdec_silver_v_v_orig_slice,
          skrybe_zot_glass_3
Zot:2:    layout_onion_interference, hangedman_zot_decor_checkerboard,
          grunt_megastairs_5
Zot:3:    gammafunk_the_bubble [the_bubble_gammafunk_crates],
          layout_twisted_circle, regret_index_zot_stipple_split,
          grunt_ministairs_14
Zot:4:    layout_onion_interference
Zot:5:    layout_twisted_circle, st_stairs_11, nicolae_diode_quadrants

Skill      XL: |  1  2  3  4  5  6  7  8  9 10 11 12 13 14 15 16 17 18 19 20 21 22 23 24 25 26 27 |
---------------+----------------------------------------------------------------------------------+-----
Shields        | 4 5 6 8 9 10 12 13 14 16 18 20 22 23 25 26 27 | 27.0
Fighting       | 4 5 6 8 9 10 11 12 13 14 15 16 17 18 19 20 21 23 26 27 | 27.0
Armour         | 4 5 6 8 9 10 12 13 14 16 18 20 21 23 24 25 26 27 | 27.0
Axes           | 3 4 5 6 7 9 10 11 13 14 15 17 18 19 20 21 22 | 22.0
Throwing       | 1 3 4 5 6 7 9 10 11 13 14 16 17 | 17.1
Invocations    | 1 3 5 6 7 8 9 10 11 12 13 14 | 14.0
Dodging        | 4 7 10 11 12 14 15 | 15.7
Stealth        | 3 6 7 9 10 12 13 | 13.8
Evocations     | 2 5 7 9 |  9.6

Action                     |  1- 3 |  4- 6 |  7- 9 | 10-12 | 13-15 | 16-18 | 19-21 | 22-24 | 25-27 || total
---------------------------+-------+-------+-------+-------+-------+-------+-------+-------+-------++-------
  Melee: War axe           |    66 |   150 |   233 |   711 |   792 |       |       |       |       ||  1952
         Headbutt          |     9 |    26 |    43 |   177 |   346 |   382 |   309 |   635 |   498 ||  2425
         Falchion          |       |       |       |    21 |     8 |       |       |       |       ||    29
         Labrys            |       |       |       |       |   552 |  1424 |  1058 |  2001 |  1753 ||  6788
  Throw: Dart              |       |       |       |     3 |       |       |       |     6 |       ||     9
         Javelin           |       |       |       |       |       |       |       |    33 |    11 ||    44
 Invoke: Heroism           |       |       |     2 |     5 |    10 |     5 |     3 |     6 |     2 ||    33
         Finesse           |       |       |       |     1 |     1 |     4 |     3 |     3 |     6 ||    18
         Receive Weapon    |       |       |       |       |     1 |       |       |       |       ||     1
         Receive Armour    |       |       |       |       |     1 |       |       |       |       ||     1
         Duel              |       |       |       |       |       |     5 |     2 |     5 |     3 ||    15
Ability: Evoke Blink       |       |       |       |       |       |       |       |       |     2 ||     2
  Evoke: Wand              |       |       |       |       |     6 |       |       |       |     1 ||     7
    Use: Scroll            |       |       |       |    12 |    14 |     7 |     2 |     1 |     7 ||    43
         Potion            |       |       |       |     5 |       |    18 |     3 |     6 |    17 ||    49
   Stab: Petrified         |       |       |       |       |    22 |       |       |       |       ||    22
         Petrifying        |       |       |       |       |     4 |       |       |       |       ||     4
         Invisible         |       |       |       |       |       |     1 |       |       |       ||     1
         Sleeping          |       |       |       |       |       |       |       |     7 |    41 ||    48
         Distracted        |       |       |       |       |       |       |       |     4 |    11 ||    15
 Armour: Scale mail        |    57 |    40 |       |       |       |       |       |       |       ||    97
         Chain mail        |       |   106 |   246 |   762 |   898 |   739 |   413 |   744 |   672 ||  4580
  Dodge: Dodged            |    34 |    65 |   116 |   219 |   277 |   220 |   124 |   306 |   304 ||  1665
  Block: Buckler           |    17 |    29 |    80 |     7 |       |       |       |       |       ||   133
         Kite shield       |       |       |       |   566 |    81 |       |       |       |       ||   647
         Tower shield      |       |       |       |       |  1479 |  1872 |  1288 |  2341 |  1964 ||  8944
         Reflection        |       |       |       |       |       |    56 |   102 |    44 |    97 ||   299

Table legend: (Time is in decaauts)
 A = Elapsed time spent in this place.
 B = Non-inter-level travel time spent in this place.
 C = Inter-level travel time spent in this place.
 D = Time resting spent in this place.
 E = Time spent auto-exploring this place.
 F = Levels seen in this place.
 G = Mean time per level.
                   A        B        C        D        E       F      G
               +--------+--------+--------+--------+--------+-----+--------+
         Total |  58443 |  53676 |   4767 |   5813 |  29183 |  69 |  847.0 |
       Dungeon |  13542 |  11994 |   1548 |    702 |   9042 |  15 |  902.8 |
        Temple |    122 |     59 |     63 |      0 |     53 |   1 |  122.0 |
          Lair |   6811 |   6168 |    643 |    587 |   3845 |   5 | 1362.2 |
        Shoals |   3776 |   3695 |     81 |    248 |   2170 |   4 |  944.0 |
   Spider Nest |   4599 |   4206 |    393 |    312 |   2688 |   4 | 1149.8 |
  Orcish Mines |   1837 |   1382 |    455 |    122 |    752 |   2 |  918.5 |
   Elven Halls |   3279 |   2978 |    301 |    130 |   1750 |   3 | 1093.0 |
        Vaults |   7307 |   6577 |    730 |    439 |   2662 |   5 | 1461.4 |
        Depths |   6912 |   6597 |    315 |   1306 |   2784 |   4 | 1728.0 |
           Zot |   5720 |   5486 |    234 |   1328 |   2366 |   5 | 1144.0 |
         Abyss |   2516 |   2516 |      0 |    558 |    132 |   4 |  629.0 |
         Sewer |    338 |    338 |      0 |      0 |    146 |   1 |  338.0 |
      Ice Cave |    850 |    850 |      0 |      0 |    572 |   1 |  850.0 |
      Gauntlet |    538 |    538 |      0 |     63 |    221 |   1 |  538.0 |
         Arena |    289 |    289 |      0 |     18 |      0 |  14 |   20.6 |
               +--------+--------+--------+--------+--------+-----+--------+

Top non-repeatable levels by time:
 Abyss:3: 2406 daAuts
Depths:2: 2104 daAuts
  Lair:2: 1881 daAuts
Vaults:5: 1873 daAuts
Depths:3: 1770 daAuts
Vaults:2: 1637 daAuts
Depths:4: 1621 daAuts
Spider:4: 1514 daAuts
   Zot:3: 1513 daAuts
Vaults:3: 1467 daAuts
Depths:1: 1416 daAuts
   Zot:4: 1392 daAuts
   Elf:3: 1386 daAuts
    D:15: 1371 daAuts
    D:12: 1358 daAuts
